 Dungeon Crawl Stone Soup version 0.20-a0-1039-gf554463 (webtiles) character file.

150119 Gorglomux the Imperceptible (level 17, 0/97 HPs)
             Began as a Vine Stalker Assassin on Apr 22, 2017.
             Was a High Priest of Okawaru.
             Slain by a tentacle (10 damage)
             ... attached to a kraken
             ... on level 1 of the Shoals.
             The game lasted 01:14:02 (25175 turns).

Gorglomux the Imperceptible (VSAs)                 Turns: 25175, Time: 01:14:03

Health: 0/97       AC: 17    Str: 15    XL:     17   Next: 52%
Magic:  0/34       EV: 18    Int: 11    God:    Okawaru [*****.]
Gold:   880        SH:  0    Dex: 31    Spells: 7/19 levels left

rFire    . . .     SeeInvis +   a - +9 quick blade (flame)
rCold    . . .     Gourm    .   (no shield)
rNeg     + . .     Faith    .   A - +0 troll leather armour {regen}
rPois    .         Spirit   +   P - +2 helmet {SInv}
rElec    .         Reflect  .   Q - +2 cloak {MR+}
rCorr    .         Harm     .   d - +2 pair of gloves
MR       +++..                  u - +2 pair of boots {run}
Stlth    +++++.....             p - amulet of rage {+Rage, !d}
Regen    1.5/turn               r - +6 ring of slaying
MPRegen  0.3/turn               z - ring of Daipoit {rN+ MP+9 Str+2 Dex+7}

@: heroism, finesse, very slow
A: fangs 3, regeneration 2, magic shield, antimagic bite, no potion heal 3, rot
immunity
a: Heroism, Finesse, Renounce Religion, Evoke Berserk Rage


You were on level 1 of the Shoals.
You worshipped Okawaru.
Okawaru was extremely pleased with you.
You were not hungry.

You visited 5 branches of the dungeon, and saw 28 of its levels.
You also visited: Volcano.

You collected 2392 gold pieces.
You spent 1512 gold pieces at shops.

Inventory:

Hand Weapons
 a - a +9 quick blade of flaming (weapon)
   (Okawaru gifted it to you on level 6 of the Lair of Beasts)
 b - a +0 blowgun
Missiles
 e - 133 poisoned needles
 W - 2 throwing nets {=f, !d}
 X - 5 curare-tipped needles
Armour
 d - a +2 pair of gloves (worn)
   (You found it on level 9 of the Dungeon)
 u - a +2 pair of boots of running (worn)
   (Okawaru gifted it to you on level 4 of the Lair of Beasts)
 A - a +0 troll leather armour (worn) {regen}
   (You found it on level 2 of the Orcish Mines)
 P - a +2 helmet of see invisible (worn)
   (Okawaru gifted it to you on level 12 of the Dungeon)
 Q - a +2 cloak of magic resistance (worn)
   (Okawaru gifted it to you on level 2 of the Snake Pit)
Jewellery
 k - an uncursed ring of protection from magic {MR+, !d}
   (You took it off a kobold on level 10 of the Dungeon)
 l - an uncursed ring of protection from fire {rF+, !d}
   (You found it on level 5 of the Lair of Beasts)
 p - an amulet of rage (around neck) {+Rage, !d}
   (You found it on level 2 of the Dungeon)
 r - a +6 ring of slaying (left hand)
   (You took it off a goblin on level 2 of the Dungeon)
 z - the ring of Daipoit (right hand) {rN+ MP+9 Str+2 Dex+7}
   (You found it on level 15 of the Dungeon)

   [ring of strength]

   It affects your strength (+2).
   It affects your dexterity (+7).
   It protects you from negative energy.
   It affects your magic capacity (+9).
Wands
 y - a wand of acid (4/15)
   (You found it on level 2 of the Snake Pit)
 K - a wand of lightning (7/15)
   (You found it on level 3 of the Snake Pit)
Scrolls
 m - 3 scrolls of fear
 n - 11 scrolls of identify
 o - 6 scrolls of teleportation
 C - 15 scrolls of remove curse
 J - 3 scrolls of recharging
 N - 3 scrolls of immolation {!r}
 O - 3 scrolls of blinking {!r}
 R - 3 scrolls of fog
 U - a scroll of holy word {!r}
 Y - 8 scrolls of magic mapping {!r}
Potions
 f - 3 potions of ambrosia
 h - 2 potions of agility
 q - 6 potions of haste
 s - 8 potions of curing
 t - 3 potions of lignification {!q}
 x - 3 potions of might
 F - 4 potions of brilliance
 G - 2 potions of cancellation
 L - 4 potions of resistance
 S - 3 potions of mutation {!q}
 Z - a potion of magic
Books
 w - a book of Flames
   (You found it on level 1 of the Snake Pit)
 D - a book of Battle
   (You bought it in a shop on level 2 of the Orcish Mines)
Miscellaneous
 i - a lightning rod (inert)
   (You found it on level 3 of the Lair of Beasts)
 E - a fan of gales
   (You found it on level 2 of the Lair of Beasts)
Comestibles
 c - 13 chunks of flesh {@w0@w0}
 g - 20 bread rations {@e1@e1}
 j - 21 meat rations {@e2@e2}
 v - 6 royal jellies
 B - 21 fruits


   Skills:
 + Level 14.3(19.3) Fighting
 - Level 14.1(19.1) Short Blades
 - Level 1.7(6.7) Throwing
 + Level 1.3(6.3) Dodging
 - Level 22.6(27) Stealth
 + Level 1.5 Spellcasting
 + Level 1.3 Hexes
 + Level 1.3 Charms
 + Level 0.8 Necromancy
 - Level 9.3 Invocations
 - Level 4.8 Evocations


You had 7 spell levels left.
You knew the following spells:

 Your Spells              Type           Power        Failure   Level  Hunger
a - Shadow Creatures      Summ           N/A          100%        6    #######
r - Regeneration          Chrm/Necr      #.........   56%         3    ####...
z - Spectral Weapon       Hex/Chrm       #.......     54%         3    ####...


Dungeon Overview and Level Annotations

Branches:
Dungeon (15/15)            Temple (0/1) D:6            Lair (6/6) D:9
 Shoals (1/4) Lair:2        Snake (4/4) Lair:4        Slime (0/5) Lair:6
    Orc (2/2) D:11            Elf (0/3) Orc:2        Vaults (0/5) D:14
 Depths (0/5) D:15

Altars:
Cheibriados
Elyvilon
Fedhas
Gozag
Hepliaklqana
Kikubaaqudgha
Makhleb
Nemelex Xobeh
Okawaru
Ru
Trog
Uskayaw
Vehumet
Xom
Yredelemnul
Beogh

Shops:
D:5 !   D:8 ?   D:15 (   Orc:2 ?(:?   Snake:3 [

Portals:
Hell: Lair:6
Bazaar: Snake:1
Trove: D:14 (give 2 scrolls of acquirement)


Innate Abilities, Weirdness & Mutations

You have razor-sharp teeth.
You heal very quickly.
When hurt, damage is shared between your health and your magic reserves.
Your bite disrupts and absorbs the magic of your enemies.
Potions cannot restore your health.
You are immune to rotting.


Message History

Things that are here:
2 arrows; a trident
c - 24 chunks of flesh {@w0@w0} (gained 6)
You see here an arrow.
Splash!
You fall into the shallow water.
Moving in this stuff is going to be slow.
Splash!
You fall into the shallow water.
Moving in this stuff is going to be slow.
Splash!
You fall into the shallow water.
Moving in this stuff is going to be slow.
Some of the chunks of flesh in your inventory have rotted away.
A harpy comes into view.
MP restored: 34 A harpy is nearby!
The harpy screeches!
The harpy barely misses you. The harpy claws you but does no damage.
You hit the harpy. You burn the harpy. You bite the harpy. You drain her power.
The harpy barely misses you. The harpy claws you but does no damage.
You hit the harpy. You burn the harpy. You bite the harpy! You drain her power.
The harpy claws you. x2
You take 5 damage, and have 92/97 hp.
You now have 32/34 mp.
You puncture the harpy! You burn the harpy.
You kill the harpy!
Okawaru accepts your kill.
No target in view!
A hippogriff and a wind drake come into view.
You regained 3 hp, and now have 95/97 hp.
There are monsters nearby!
There are monsters nearby!
Health restored: 97 The helpless hippogriff fails to defend itself.
You perforate the hippogriff like a sieve!!!!!!
You burn the hippogriff!
You kill the hippogriff!
Okawaru accepts your kill.
The wind drake hisses angrily.
MP restored: 34 You hit the wind drake.
You burn the wind drake. You bite the wind drake! You drain its power.
The wind drake bites you!
You take 7 damage, and have 90/97 hp.
You now have 32/34 mp.
You impale the wind drake!! You burn the wind drake. You bite the wind drake!
You drain its power.
You feel invigorated.
MP restored: 34 You hit the wind drake.
You burn the wind drake. You bite the wind drake. You drain its power.
You puncture the wind drake! You burn the wind drake.
You kill the wind drake!
Okawaru accepts your kill.
No target in view!
Some of the chunks of flesh in your inventory have rotted away.
You now have 880 gold pieces (gained 26).
Found a hazy altar of Hepliaklqana.
Health restored: 97 No target in view!
You enter the shallow water.
Moving in this stuff is going to be slow.
A kraken comes into view.
A kraken is nearby!
A kraken is nearby!
Unknown command.
You gain the combat prowess of a mighty hero.
Tentacles burst out of the water! 4 tentacles come into view.
You now have 32/34 mp.
You can now deal lightning-fast blows.
A tentacle segment bursts forth from the water. x4
The tentacle slaps you but does no damage.
The tentacle barely misses you. The tentacle slaps you!
You take 13 damage, and have 84/97 hp.
You now have 24/34 mp.
The tentacle closely misses you. The tentacle misses you.
The tentacle slaps you but does no damage.
A tentacle segment bursts forth from the water.
The tentacle barely misses you. The tentacle slaps you!!
The tentacle completely misses you. The tentacle slaps you!!
The tentacle barely misses you. The tentacle closely misses you.
You take 30 damage, and have 54/97 hp.
MASSIVE DAMAGE!!
You now have 15/34 mp.
You hit the tentacle but do no damage. You bite the tentacle.
You drain its power.
You feel invigorated.
A tentacle rises from the water!
A tentacle comes into view.
You regained 6 mp, and now have 21/34 mp.
You puncture the tentacle! You burn the tentacle. You bite the tentacle.
You drain its power.
You feel invigorated. The tentacle slaps you!!
The tentacle completely misses you. The tentacle slaps you!
* * * LOW HITPOINT WARNING * * *
You take 25 damage, and have 29/97 hp.
MASSIVE DAMAGE!!
You now have 16/34 mp.
A tentacle segment bursts forth from the water. x2
The tentacle slaps you!!
* * * LOW HITPOINT WARNING * * *
The tentacle slaps you!
* * * LOW HITPOINT WARNING * * *
The kraken completely misses you. The tentacle barely misses you.
The tentacle slaps you!
You die...

#.......# ≈≈≈≈≈≈≈≈≈
#.......# ≈≈≈≈≈≈≈≈≈
#.......# ≈≈≈≈≈≈≈≈≈
#≈8≈8≈8≈# ≈≈≈≈≈≈≈≈≈
#≈≈≈≈≈≈≈# ≈≈≈≈≈≈≈≈≈
#≈≈≈≈≈≈≈# .≈≈≈≈≈≈≈.
#≈≈≈Λ≈≈≈#.....≈≈≈≈.≈
#≈www≈≈≈#......≈≈..≈
#≈≈@≈≈≈≈#......≈...≈
#≈≈≈X≈≈≈#......≈...≈
#≈≈≈w≈≈≈#...........
#≈≈≈≈≈≈≈#...........
#≈≈≈≈≈≈≈#...........
#########...........
...............
.................
.................


You could see a kraken and 4 tentacles.

Vanquished Creatures
  Rupert (D:14)
  Kirke (Lair:4)
  The ghost of Voxish the Fighter, a journeyman GnSk of Okawaru (Orc:2)
  Nessos (Lair:5)
  8 hydras
  The ghost of nubinia the Arsonist, a journeyman DrFE of Sif Muna (Lair:4)
  9 naga warriors
  A vault guard (D:14)
  An alligator snapping turtle (Shoals:1)
  7 anacondas
  14 two-headed ogres
  A catoblepas (Lair:6)
  2 ogre magi
  2 death yaks (Lair:6)
  2 tengu warriors (D:12)
  8 naga sharpshooters
  A deep elf knight (D:14)
  3 salamander mystics
  2 shock serpents
  A sixfirhy (Lair:6)
  The ghost of Dirtsage the Basher, a novice GrFi (D:9)
  A hell knight (Volcano)
  3 unseen horrors
  5 naga ritualists
  3 wizards
  16 harpies (Shoals:1)
  2 necromancers (D:14)
  An orc knight (D:11)
  A wolf spider zombie (D:13)
  7 ugly things
  6 mana vipers
  5 cyclopes
  4 manticores
  12 orc sorcerers
  5 guardian serpents
  5 salamanders
  A centaur zombie (D:10)
  2 smoke demons
  A merfolk siren (Lair:2)
  13 naga magi
  2 molten gargoyles (Volcano)
  41 black mambas
  A torpor snail (Lair:6)
  A centaur skeleton (D:13)
  3 orange demons (Lair:6)
  11 spiny frogs
  4 rime drakes (Lair:6)
  A yaktaur (D:14)
  2 kobold demonologists (D:13)
  9 komodo dragons
  A tengu conjurer (D:12)
  An ice devil (Lair:6)
  2 efreet
  A red devil (Lair:6)
  6 trolls
  6 merfolk
  A jumping spider (shapeshifter) (D:14)
  5 polar bears
  4 wind drakes (Shoals:1)
  27 blink frogs
  4 dream sheep (Lair:6)
  3 hornets
  3 snapping turtles (Shoals:1)
  9 hippogriffs
  6 slime creatures (D:13)
  A shadow (D:13)
  A fire bat (Volcano)
  2 wraiths
  2 basilisks
  23 yaks
  20 humans
  6 wyverns
  A steam dragon (D:7)
  2 hungry ghosts (D:12)
  8 vampire mosquitoes
  A warg (Orc:2)
  A soldier ant (D:13)
  36 nagas
  Menkaure (D:6)
  2 insubstantial wisps (D:7)
  An acid dragon (D:14)
  13 water moccasins
  6 hell hounds
  8 porcupines
  15 orc warriors
  5 sky beasts
  3 ice beasts
  A necrophage (D:8)
  A black bear (D:8)
  29 wolves
  4 boggarts (Lair:5)
  14 centaurs
  13 ogres
  14 crocodiles
  5 big kobolds
  13 bullfrogs
  6 killer bees (D:11)
  3 scorpions
  5 wights (D:8)
  An electric eel (D:11)
  2 howler monkeys (D:4)
  10 crimson imps
  A quasit (D:11)
  3 hounds
  13 lava snakes
  21 orc priests
  A bullfrog skeleton (D:11)
  8 jellies
  32 orc wizards
  4 iguanas
  7 worker ants
  A killer bee zombie (D:10)
  A mummy (D:8)
  A hound zombie (D:6)
  2 hound skeletons
  2 worker ant zombies (D:9)
  7 gnolls
  22 adders
  3 shadow imps
  2 white imps (D:11)
  6 oozes
  An adder skeleton (D:4)
  3 worms
  3 leopard geckos
  76 orcs
  6 giant cockroaches
  4 goblins
  4 hobgoblins
  A jackal (D:4)
  32 kobolds
  3 quokkas
  A ball python (D:2)
  4 bats
  4 frilled lizards
  2 hobgoblin zombies (D:8)
  2 kobold zombies (D:8)
  A leopard gecko skeleton (D:8)
  3 rats
881 creatures vanquished.

Vanquished Creatures (others)
  A hippogriff (Lair:6)
  A sky beast (D:7)
  2 fungi (Lair:6)
  A tentacle (Shoals:1)
5 creatures vanquished.

Grand Total: 886 creatures vanquished

Notes
Turn   | Place    | Note
-------+----------+-------------------------------------------
     0 | D:1      | Gorglomux the Vine Stalker Assassin began the quest for the Orb.
     0 | D:1      | Reached XP level 1. HP: 11/11 MP: 2/2
   250 | D:1      | Reached skill level 2 in Short Blades
  1385 | D:2      | Reached skill level 5 in Stealth
  1385 | D:2      | Reached XP level 2. HP: 14/15 MP: 3/3
  1405 | D:2      | Reached XP level 3. HP: 17/18 MP: 4/4
  1618 | D:2      | Reached skill level 3 in Short Blades
  1628 | D:2      | HP: 4/18 [poisoned by an adder]
  2359 | D:2      | Gained mutation: Your natural rate of healing is unusually fast. [Vine Stalker growth]
  2359 | D:2      | Reached XP level 4. HP: 22/23 MP: 5/5
  2875 | D:3      | Found a blossoming altar of Fedhas.
  2887 | D:3      | Reached XP level 5. HP: 26/26 MP: 6/6
  2955 | D:3      | Reached skill level 6 in Stealth
  3027 | D:3      | Found a bloodstained altar of Trog.
  3027 | D:3      | Found an iron altar of Okawaru.
  3073 | D:3      | Became a worshipper of Warmaster Okawaru
  3113 | D:3      | Reached skill level 4 in Short Blades
  3249 | D:3      | Found a faded altar of an unknown god.
  3809 | D:4      | Reached XP level 6. HP: 30/30 MP: 7/7
  3828 | D:4      | Reached skill level 5 in Short Blades
  3957 | D:4      | Reached * piety under Okawaru
  4243 | D:4      | Found a white marble altar of Elyvilon.
  4303 | D:4      | Found a basalt altar of Yredelemnul.
  4415 | D:4      | Reached skill level 7 in Stealth
  4480 | D:5      | Entered Level 5 of the Dungeon
  4525 | D:5      | Reached XP level 7. HP: 32/34 MP: 8/8
  4716 | D:5      | Found Budutead's Distillery.
  4719 | D:5      | Bought a potion of resistance for 100 gold pieces
  4719 | D:5      | Bought a potion of haste for 100 gold pieces
  4831 | D:5      | Reached skill level 6 in Short Blades
  4887 | D:5      | Got a jet-encrusted chain mail
  4985 | D:5      | Identified the +1 chain mail of the Shining Light {Dex+4} (You found it on level 5 of the Dungeon)
  5291 | D:6      | Reached skill level 8 in Stealth
  5300 | D:6      | Found an opulent altar of Gozag.
  5323 | D:6      | Reached ** piety under Okawaru
  5323 | D:6      | Gained mutation: You have razor-sharp teeth. [Vine Stalker growth]
  5323 | D:6      | Reached XP level 8. HP: 38/38 MP: 9/9
  5392 | D:6      | Reached skill level 7 in Short Blades
  5576 | D:6      | Noticed Menkaure
  5579 | D:6      | Killed Menkaure
  5861 | D:6      | Found a staircase to the Ecumenical Temple.
  5947 | D:7      | Found a burning altar of Makhleb.
  6002 | D:7      | Reached skill level 8 in Short Blades
  6002 | D:7      | Reached skill level 9 in Stealth
  6209 | D:7      | Found an ancient bone altar of Kikubaaqudgha.
  6294 | D:7      | Reached *** piety under Okawaru
  6298 | D:7      | Reached XP level 9. HP: 20/42 MP: 6/10
  6377 | D:7      | Reached skill level 9 in Short Blades
  6377 | D:7      | Reached skill level 10 in Stealth
  6648 | D:8      | Noticed a two-headed ogre
  6658 | D:8      | HP: 4/42 [two-headed ogre/giant club (15)]
  6881 | D:8      | Found a sparkling altar of Nemelex Xobeh.
  6904 | D:8      | Found a sacrificial altar of Ru.
  6917 | D:8      | Reached **** piety under Okawaru
  7072 | D:8      | Reached skill level 10 in Short Blades
  7085 | D:8      | Killed a two-headed ogre
  7085 | D:8      | Reached skill level 11 in Stealth
  7085 | D:8      | Reached XP level 10. HP: 26/46 MP: 11/11
  7132 | D:8      | Found Udghyitt's Magic Scroll Emporium.
  7144 | D:8      | Bought a scroll of noise for 16 gold pieces
  7144 | D:8      | Bought a scroll of identify for 32 gold pieces
  7144 | D:8      | Bought a scroll of identify for 32 gold pieces
  7144 | D:8      | Bought a scroll of enchant weapon for 120 gold pieces
  7148 | D:8      | Bought a scroll of random uselessness for 16 gold pieces
  7155 | D:8      | Got a scorched battleaxe
  7156 | D:8      | Identified the +8 battleaxe "Zagiejecs" {drain, rC+ Str+5 Int+4} (You found it on level 8 of the Dungeon)
  7308 | D:8      | Reached ***** piety under Okawaru
  7413 | D:8      | Noticed a two-headed ogre
  7424 | D:8      | Killed a two-headed ogre
  7424 | D:8      | Reached skill level 11 in Short Blades
  7611 | D:9      | Found a hide-covered altar of Uskayaw.
  7626 | D:9      | Reached skill level 12 in Stealth
  7631 | D:9      | Noticed a dagger
  7634 | D:9      | Noticed a dagger
  7753 | D:9      | HP: 11/46 [yak (7)]
  7760 | D:9      | Received a gift from Okawaru
  7819 | D:9      | Noticed Dirtsage's ghost (novice GrFi)
  7830 | D:9      | Killed Dirtsage's ghost
  7830 | D:9      | Reached skill level 12 in Short Blades
  7830 | D:9      | Reached skill level 1 in Invocations
  7942 | D:9      | Reached skill level 2 in Invocations
  8033 | D:9      | Found a staircase to the Lair.
  8054 | D:9      | Reached XP level 11. HP: 50/50 MP: 13/13
  8155 | D:9      | Noticed a two-headed ogre
  8177 | D:9      | Killed a two-headed ogre
  8177 | D:9      | Reached skill level 3 in Invocations
  8246 | D:10     | Entered Level 10 of the Dungeon
  8301 | D:10     | Noticed a two-headed ogre
  8324 | D:10     | Killed a two-headed ogre
  8324 | D:10     | Received a gift from Okawaru
  8324 | D:10     | Reached skill level 4 in Invocations
  8721 | D:10     | Noticed an unseen horror
  8732 | D:10     | Killed an unseen horror
  8732 | D:10     | Reached skill level 13 in Stealth
  8937 | D:10     | Reached skill level 5 in Invocations
  9153 | D:11     | Noticed a two-headed ogre
  9156 | D:11     | Killed a two-headed ogre
  9273 | D:11     | Noticed an orc knight
  9297 | D:11     | Killed an orc knight
  9302 | D:11     | Found a staircase to the Orcish Mines.
  9327 | D:11     | HP: 11/50 [orc priest/divine providence (6)]
  9569 | D:11     | Reached skill level 6 in Invocations
  9705 | D:11     | Reached skill level 13 in Short Blades
  9721 | D:11     | Reached ****** piety under Okawaru
  9731 | D:11     | Gained mutation: You heal very quickly. [Vine Stalker growth]
  9731 | D:11     | Reached XP level 12. HP: 43/54 MP: 17/17
  9794 | D:11     | Noticed a two-headed ogre
  9800 | D:11     | Killed a two-headed ogre
  9800 | D:11     | Received a gift from Okawaru
 10000 | Lair:1   | Entered Level 1 of the Lair of Beasts
 10017 | Lair:1   | Reached skill level 7 in Invocations
 10993 | Lair:2   | Reached skill level 8 in Invocations
 11173 | Lair:2   | Found a staircase to the Shoals.
 11174 | Lair:2   | Reached skill level 14 in Stealth
 11389 | Lair:2   | Found a dark tunnel.
 11433 | Volcano  | Entered a volcano
 11552 | Volcano  | Found a bloodstained altar of Trog.
 11572 | Volcano  | Reached skill level 14 in Short Blades
 11585 | Volcano  | Reached skill level 9 in Invocations
 11754 | Lair:2   | Reached XP level 13. HP: 50/58 MP: 16/21
 11760 | Lair:2   | Identified a scroll of acquirement
 11762 | Lair:2   | Got a slimy quarterstaff
 11763 | Lair:2   | Identified the +7 quarterstaff "Hoarr" {crush, rC+ Str-4 Int+3 Dex+5} (You acquired it on level 2 of the Lair of Beasts)
 12069 | Lair:2   | Reached skill level 2 in Fighting
 12120 | Lair:3   | Received a gift from Okawaru
 12137 | Lair:3   | Reached skill level 3 in Fighting
 12350 | Lair:3   | Reached skill level 15 in Stealth
 12501 | Lair:3   | Reached skill level 4 in Fighting
 12812 | Lair:4   | Noticed nubinia's ghost (journeyman DrFE)
 12827 | Lair:4   | Killed nubinia's ghost
 12921 | Lair:4   | Found a staircase to the Snake Pit.
 12962 | Lair:4   | Noticed Kirke
 12971 | Lair:4   | Killed Kirke
 12971 | Lair:4   | Reached skill level 5 in Fighting
 13189 | Lair:4   | Received a gift from Okawaru
 13198 | Lair:4   | Identified a +2 pair of boots of running (Okawaru gifted it to you on level 4 of the Lair of Beasts)
 13382 | Lair:4   | Reached skill level 16 in Stealth
 13535 | Lair:4   | Reached skill level 6 in Fighting
 14024 | Lair:5   | Noticed Nessos
 14277 | Lair:5   | Reached skill level 7 in Fighting
 14346 | Lair:5   | HP: 15/67 [Nessos/arrow (8)]
 14351 | Lair:5   | HP: 12/67 [poisoned by Nessos]
 14357 | Lair:5   | Killed Nessos
 14357 | Lair:5   | Reached XP level 14. HP: 21/72 MP: 10/22
 14358 | Lair:5   | HP: 21/108 [poisoned by Nessos]
 14364 | Lair:5   | HP: 14/72 [poisoned by Nessos]
 14369 | Lair:5   | HP: 18/72 [poisoned by Nessos]
 14662 | Lair:5   | Reached skill level 17 in Stealth
 15006 | Lair:6   | Entered Level 6 of the Lair of Beasts
 15105 | Lair:6   | Found an ancient bone altar of Kikubaaqudgha.
 15106 | Lair:6   | Reached skill level 8 in Fighting
 15369 | Lair:6   | Found a staircase to the Slime Pits.
 15380 | Lair:6   | Received a gift from Okawaru
 15630 | Lair:6   | Received a gift from Okawaru
 15796 | Lair:6   | Found a burning altar of Makhleb.
 15817 | Lair:6   | Reached skill level 9 in Fighting
 15821 | Lair:6   | Reached skill level 18 in Stealth
 15843 | Lair:6   | Found a gateway to Hell.
 16648 | D:12     | Received a gift from Okawaru
 16873 | D:12     | Reached skill level 1 in Evocations
 17001 | D:12     | Got an ominously black robe
 17012 | D:12     | Identified the +1 robe "Pefepty" {SInv} (You found it on level 12 of the Dungeon)
 17089 | D:12     | Reached skill level 2 in Evocations
 17357 | D:13     | Reached XP level 15. HP: 71/80 MP: 23/23
 17382 | D:13     | Reached skill level 10 in Fighting
 17422 | D:13     | Found a shimmering altar of Xom.
 17544 | D:13     | Reached skill level 3 in Evocations
 17818 | D:13     | Reached skill level 19 in Stealth
 17967 | D:14     | Received a gift from Okawaru
 18071 | D:14     | Reached skill level 4 in Evocations
 18137 | D:14     | Found a portal to a secret trove of treasure.
 18140 | D:14     | Noticed Rupert
 18156 | D:14     | Killed Rupert
 18264 | D:14     | Identified the cursed +0 ring mail "Coshaase" {rElec rCorr Int+5} (You found it on level 14 of the Dungeon)
 18387 | D:14     | Found an opulent altar of Gozag.
 18495 | D:14     | Found a snail-covered altar of Cheibriados.
 18510 | D:14     | Learned a level 6 spell: Shadow Creatures
 18898 | D:14     | Found a gate to the Vaults.
 18932 | D:14     | Reached skill level 11 in Fighting
 19000 | D:15     | Entered Level 15 of the Dungeon
 19269 | D:15     | Found Xobun's Weapon Boutique.
 19329 | D:15     | Identified the ring of Daipoit {rN+ MP+9 Str+2 Dex+7} (You found it on level 15 of the Dungeon)
 19394 | D:15     | Found a staircase to the Depths.
 19403 | D:15     | Reached skill level 20 in Stealth
 19416 | D:15     | Received a gift from Okawaru
 19431 | D:15     | Got a spiked hat {god gift}
 19442 | D:15     | Identified the +2 hat of Leefona {-Tele MR+ Stlth+} (Okawaru gifted it to you on level 15 of the Dungeon)
 19753 | Orc:1    | Entered Level 1 of the Orcish Mines
 19890 | Orc:2    | Entered Level 2 of the Orcish Mines
 19930 | Orc:2    | Noticed Voxish's ghost (journeyman GnSk)
 19961 | Orc:2    | Killed Voxish's ghost
 20314 | Orc:2    | Found a staircase to the Elven Halls.
 20417 | Orc:2    | Found Usu Cea's Magic Scroll Shop.
 20419 | Orc:2    | Reached XP level 16. HP: 88/88 MP: 24/24
 20457 | Orc:2    | Bought a scroll of remove curse for 39 gold pieces
 20457 | Orc:2    | Bought a scroll of brand weapon for 260 gold pieces
 20457 | Orc:2    | Bought a scroll of enchant weapon for 97 gold pieces
 20458 | Orc:2    | Bought a scroll of brand weapon for 260 gold pieces
 20488 | Orc:2    | Found an ancient bone altar of Kikubaaqudgha.
 20507 | Orc:2    | Found Kunuar's Antique Weapon Boutique.
 20557 | Orc:2    | Found a radiant altar of Vehumet.
 20582 | Orc:2    | Found a roughly hewn altar of Beogh.
 20582 | Orc:2    | Found Zezec's Magic Scroll Shop.
 20583 | Orc:2    | Found Deal's Book Boutique.
 20607 | Orc:2    | HP: 21/88 [orc sorcerer/bolt of negative energy (13)]
 20988 | Orc:2    | Bought a book of Battle for 440 gold pieces
 20992 | Orc:2    | Learned a level 3 spell: Regeneration
 20996 | Orc:2    | Learned a level 3 spell: Spectral Weapon
 21264 | Snake:1  | Entered Level 1 of the Snake Pit
 21283 | Snake:1  | Reached skill level 12 in Fighting
 21292 | Snake:1  | HP: 33/132 [poisoned by a naga mage (poison arrow)]
 21297 | Snake:1  | HP: 20/88 [poisoned by a naga mage (poison arrow)]
 21302 | Lair:4   | HP: 11/88 [poisoned by a black mamba]
 21307 | Lair:4   | HP: 14/88 [poisoned by a black mamba]
 21312 | Lair:4   | HP: 19/88 [poisoned by a black mamba]
 21472 | Snake:1  | Found a gateway to a bazaar.
 21532 | Snake:1  | Reached skill level 21 in Stealth
 21676 | Snake:1  | HP: 21/90 [anaconda (8)]
 21679 | Snake:1  | HP: 8/90 [anaconda (3)]
 21681 | Snake:1  | HP: 3/90 [poisoned by a black mamba]
 21687 | Snake:1  | HP: 8/90 [poisoned by a naga ritualist (toxic radiance)]
 21693 | Snake:1  | HP: 14/90 [poisoned by a naga (splash of poison)]
 21701 | Snake:1  | HP: 22/90 [poisoned by a naga (splash of poison)]
 21758 | Snake:1  | Received a gift from Okawaru
 22539 | Snake:2  | HP: 17/90 [black mamba (11)]
 22545 | Snake:2  | Reached skill level 13 in Fighting
 22545 | Snake:2  | HP: 19/91 [poisoned by a naga ritualist (toxic radiance)]
 22552 | Snake:2  | HP: 20/91 [poisoned by a naga ritualist (toxic radiance)]
 22559 | Snake:2  | HP: 19/91 [salamander/enchanted glaive (3)]
 22570 | Snake:2  | HP: 16/91 [poisoned by a naga ritualist (toxic radiance)]
 22576 | Snake:2  | HP: 17/91 [poisoned by a naga ritualist (splash of poison)]
 22581 | Snake:2  | HP: 18/91 [poisoned by a naga ritualist]
 22586 | Snake:2  | HP: 20/91 [poisoned by a naga ritualist]
 22592 | Snake:2  | HP: 19/91 [poisoned by a naga ritualist]
 22721 | Snake:2  | Received a gift from Okawaru
 23319 | Snake:2  | Reached skill level 22 in Stealth
 23378 | Snake:2  | Reached XP level 17. HP: 73/95 MP: 25/25
 23773 | Snake:3  | Found Tuce Dit's Armour Boutique.
 23791 | Snake:3  | HP: 19/96 [naga sharpshooter/bolt (11)]
 23798 | Snake:3  | HP: 21/96 [poisoned by a naga sharpshooter (splash of poison)]
 23803 | Snake:3  | HP: 23/96 [poisoned by a naga sharpshooter (splash of poison)]
 24321 | Snake:3  | Reached skill level 14 in Fighting
 24391 | Snake:4  | Entered Level 4 of the Snake Pit
 24481 | Shoals:1 | Entered Level 1 of the Shoals
 24833 | Shoals:1 | HP: 31/145 [harpy (8)]
 24839 | Shoals:1 | HP: 11/97 [harpy (4)]
 24848 | Shoals:1 | HP: 21/97 [harpy (2)]
 24908 | Shoals:1 | HP: 22/97 [harpy (6)]
 24913 | Shoals:1 | Reached skill level 1 in Hexes
 24914 | Shoals:1 | HP: 14/97 [harpy (6)]
 24923 | Shoals:1 | Reached skill level 1 in Charms
 24926 | Shoals:1 | HP: 21/97 [harpy (1)]
 25000 | Shoals:1 | Reached skill level 1 in Dodging
 25000 | Shoals:1 | Reached skill level 1 in Spellcasting
 25019 | Shoals:1 | HP: 35/145 [snapping turtle (10)]
 25026 | Shoals:1 | HP: 24/97 [snapping turtle (1)]
 25031 | Shoals:1 | HP: 15/97 [wind drake/the air (2)]
 25038 | Shoals:1 | HP: 16/97 [wind drake/the air (1)]
 25043 | Shoals:1 | HP: 11/97 [centaur/arrow (9)]
 25162 | Shoals:1 | Found a hazy altar of Hepliaklqana.
 25167 | Shoals:1 | Noticed a kraken
 25175 | Shoals:1 | HP: 16/97 [tentacle[a kraken] (15)]
 25175 | Shoals:1 | Slain by a tentacle

Vault maps used:
D:1:      dpeg_arrival_arbitrary_a
D:2:      wad_lake_hut, minmay_pentomino_w4
D:3:      gammafunk_temple_overflow_elements,
          chequers_ecumenical_altar_simple_redux, kennysheep_another_room,
          hangedman_decor_peaks_small, fedhas_altar_3
D:4:      kennysheep_ying_yang, kennysheep_dice
D:5:      first_bread, serial_shops, nicolae_shop_behind_doors, kennysheep_nub
D:6:      lemuel_temple_firewalk_a, basic_altar, uniq_menkaure
D:7:      nicolae_overflow_crystal_walls, kennysheep_mini_moat, grunt_ogre_cave,
          hangedman_misty_isle
D:8:      nemelex_xobeh_ov_fountains_minmay, overflow_temple_1_default,
          serial_shops, shop, minmay_misc_feat_five, minmay_mini_ossuary
D:9:      dancing_weapons_uskayaw, lair_entry_dummy
D:11:     erik_orc_2, minmay_misc_feat_tiny, minmay_nine_imps
D:12:     hangedman_decor_push
D:13:     basic_altar
D:14:     grunt_vaults_entry_tiered, nicolae_trove_entry_columns,
          cheibriados_altar_1, nicolae_gozag_cash_rules_everything_around_me,
          uniq_rupert
D:15:     grunt_enter_depths_magical_seal, serial_shops, shop
Lair:1:   lemuel_fruit_fields
Lair:2:   elwin_shoals_entry_stream, nicolae_volcano_entry_two_sided,
          lemuel_old_faithful
Lair:4:   guppyfry_snake_entry_garden, cheibrodos_lair_lostbears,
          infiniplex_staircase_pool_2, grunt_megastairs_3, lemuel_fruit_fields,
          uniq_kirke
Lair:5:   bh_chokoban, kilobyte_rumbling_trees, uniq_nessos
Lair:6:   evil_forest, nicolae_slime_entry_slimehenge, basic_altar
Shoals:1: cheibrodos_shoals_roost, nicolae_shoals_square_sea_wall,
          wheals_shoals_ruined_temple
Snake:1:  serial_shops, bzr_entry_road, grunt_ministairs_10,
          nicolae_snake_lava_pool
Snake:2:  grunt_megastairs_2
Snake:3:  serial_shops, nicolae_shop_window_shopping, st_stairs_11
Snake:4:  minmay_snake_end_coiled, lightli_airlock, minmay_shop_grove,
          uniq_aizul, uniq_donald
Orc:1:    basic_altar, nicolae_orc_damp_corner, uniq_nergalle, uniq_maurice
Orc:2:    kennysheep_orc_mage_school
Volcano:  volcano_lake

Skill      XL: |  1  2  3  4  5  6  7  8  9 10 11 12 13 14 15 16 17 |
---------------+----------------------------------------------------+-----
Short Blades   | 2 3 4 5 6 8 10 12 13 14 | 14.1
Stealth        | 5 6 7 8 9 11 12 13 14 16 18 20 22 | 22.6
Invocations    | 2 6 9 |  9.3
Fighting       | 7 9 11 13 14 | 14.3
Evocations     | 2 4 |  4.8
Hexes          | 1 |  1.3
Charms         | 1 |  1.3
Dodging        | 1 |  1.3
Spellcasting   | 1 |  1.5
Throwing       | |  1.7
Necromancy     | |  0.8

Action                   |  1- 3 |  4- 6 |  7- 9 | 10-12 | 13-15 | 16-18 || total
-------------------------+-------+-------+-------+-------+-------+-------++-------
Melee: Dagger            |    61 |    33 |       |       |       |       ||    94
       Bite              |    15 |    12 |    34 |   142 |   369 |   369 ||   941
       Short sword       |       |    33 |   146 |   419 |   918 |    26 ||  1542
       Battleaxe         |       |       |       |    19 |       |       ||    19
       Punch             |       |       |       |     4 |     5 |    21 ||    30
       Quick blade       |       |       |       |       |     6 |   649 ||   655
 Fire: Blowgun           |     3 |     8 |     4 |    27 |    12 |     8 ||    62
Throw: Stone             |     5 |       |       |       |       |       ||     5
Invok: Heroism           |       |       |     2 |    13 |    27 |    21 ||    63
       Finesse           |       |       |       |     1 |     9 |     4 ||    14
 Abil: Evoke Berserk Rag |       |       |     2 |    10 |    11 |     6 ||    29
Evoke: Wand              |       |       |       |       |     1 |     3 ||     4
       Lightning rod     |       |       |       |       |     4 |     4 ||     8
  Use: Scroll            |     2 |     8 |     1 |    13 |    11 |    15 ||    50
       Potion            |       |       |       |     2 |     4 |     3 ||     9
 Stab: Sleeping          |     4 |    24 |    11 |    28 |    69 |    24 ||   160
       Distracted        |       |     1 |     1 |     2 |    13 |     3 ||    20
  Eat: Chunk             |     4 |     7 |    10 |    24 |    36 |    14 ||    95
       Royal jelly       |       |       |       |       |     1 |     3 ||     4
Armor: Robe              |    12 |     6 |    16 |       |       |       ||    34
       Steam dragon scal |       |       |    11 |   102 |   267 |       ||   380
       Troll leather arm |       |       |       |       |     2 |   189 ||   191
Dodge: Dodged            |    31 |    18 |    69 |   199 |   473 |   367 ||  1157

Vault maps used:
D:1:      dpeg_arrival_arbitrary_a
D:2:      wad_lake_hut, minmay_pentomino_w4
D:3:      gammafunk_temple_overflow_elements,
          chequers_ecumenical_altar_simple_redux, kennysheep_another_room,
          hangedman_decor_peaks_small, fedhas_altar_3
D:4:      kennysheep_ying_yang, kennysheep_dice
D:5:      first_bread, serial_shops, nicolae_shop_behind_doors, kennysheep_nub
D:6:      lemuel_temple_firewalk_a, basic_altar, uniq_menkaure
D:7:      nicolae_overflow_crystal_walls, kennysheep_mini_moat, grunt_ogre_cave,
          hangedman_misty_isle
D:8:      nemelex_xobeh_ov_fountains_minmay, overflow_temple_1_default,
          serial_shops, shop, minmay_misc_feat_five, minmay_mini_ossuary
D:9:      dancing_weapons_uskayaw, lair_entry_dummy
D:11:     erik_orc_2, minmay_misc_feat_tiny, minmay_nine_imps
D:12:     hangedman_decor_push
D:13:     basic_altar
D:14:     grunt_vaults_entry_tiered, nicolae_trove_entry_columns,
          cheibriados_altar_1, nicolae_gozag_cash_rules_everything_around_me,
          uniq_rupert
D:15:     grunt_enter_depths_magical_seal, serial_shops, shop
Lair:1:   lemuel_fruit_fields
Lair:2:   elwin_shoals_entry_stream, nicolae_volcano_entry_two_sided,
          lemuel_old_faithful
Lair:4:   guppyfry_snake_entry_garden, cheibrodos_lair_lostbears,
          infiniplex_staircase_pool_2, grunt_megastairs_3, lemuel_fruit_fields,
          uniq_kirke
Lair:5:   bh_chokoban, kilobyte_rumbling_trees, uniq_nessos
Lair:6:   evil_forest, nicolae_slime_entry_slimehenge, basic_altar
Shoals:1: cheibrodos_shoals_roost, nicolae_shoals_square_sea_wall,
          wheals_shoals_ruined_temple
Snake:1:  serial_shops, bzr_entry_road, grunt_ministairs_10,
          nicolae_snake_lava_pool
Snake:2:  grunt_megastairs_2
Snake:3:  serial_shops, nicolae_shop_window_shopping, st_stairs_11
Snake:4:  minmay_snake_end_coiled, lightli_airlock, minmay_shop_grove,
          uniq_aizul, uniq_donald
Orc:1:    basic_altar, nicolae_orc_damp_corner, uniq_nergalle, uniq_maurice
Orc:2:    kennysheep_orc_mage_school
Volcano:  volcano_lake

Table legend:
 A = Turns spent in this place as a percentage of turns spent in the entire game.
 B = Non-inter-level travel turns spent in this place as a percentage of non-inter-level travel turns spent in the entire game.
 C = Inter-level travel turns spent in this place as a percentage of turns spent in this place.
 D = Turns resting spent in this place as a percentage of non-inter-level travel turns spent in this place.
 E = Turns spent auto-exploring this place as a percentage of non-inter-level travel turns spent in this place.
 F = Non-inter-level travel turns spent in this place divided by the number of levels of this place that you've seen.
                   A       B       C       D       E      F
               +-------+-------+-------+-------+-------+----------------------
         Total | 100.0 | 100.0 |   0.5 |   1.8 |   8.4 | 313.0
       Dungeon |  48.6 |  48.5 |   0.6 |   1.3 |   9.8 | 293.6
          Lair |  22.9 |  22.9 |   0.6 |   2.2 |   7.8 | 346.3
        Shoals |   5.5 |   5.5 |   0.0 |   4.6 |   2.0 | 500.0
     Snake Pit |  15.6 |  15.6 |   0.5 |   2.3 |   8.2 | 353.0
  Orcish Mines |   5.3 |   5.3 |   0.6 |   1.0 |   9.2 | 239.5
       Volcano |   2.2 |   2.2 |   0.0 |   1.0 |   0.0 | 203.0
               +-------+-------+-------+-------+-------+----------------------

Table legend:
 A = Kills in this place as a percentage of kills in entire the game.
 B = Kills by you in this place as a percentage of kills by you in the entire game.
 C = Kills by friends in this place as a percentage of kills by friends in the entire game.
 D = Other kills in this place as a percentage of other kills in the entire game.
 E = Experience gained in this place as a percentage of experience gained in the entire game.
 F = Experience gained in this place divided by the number of levels of this place that you have seen.
                   A       B       C       D       E      F
               +-------+-------+-------+-------+-------+----------------------
         Total | 100.0 | 100.0 |  -nan | 100.0 | 100.0 | 7395.0
       Dungeon |  50.3 |  50.3 |  -nan | 100.0 |  31.5 | 4503.4
          Lair |  22.6 |  22.6 |  -nan |   0.0 |  25.3 | 9027.0
        Shoals |   3.5 |   3.5 |  -nan |   0.0 |   7.1 | 15126.0
     Snake Pit |  15.6 |  15.6 |  -nan |   0.0 |  29.1 | 15609.5
  Orcish Mines |   6.5 |   6.5 |  -nan |   0.0 |   5.2 | 5608.0
       Volcano |   1.5 |   1.5 |  -nan |   0.0 |   1.8 | 3963.0
               +-------+-------+-------+-------+-------+----------------------
